Description

Lately players are LOVING to rush an expand no matter what, often without scouting. My 3-gate robo stalker pressure was finding itself often unable to keep up even after inflicting some damage and dropping 2 adepts in the main, the opponent would rush to 35 probes, absorb the damage and overwhelm me. I decided that mixing a more dangerous all-in into my repertoire would make my opponents think twice before expanding. I’ve had great success with it so far and whilst I still have more refinements to make - here’s the gist of the build.

  • Standard PvP 2-gate Opening with these adjustments:
  • As soon as first gas finishes pull your 16th mineral worker over to gas, rally onto gas until both are 2/3, then rally the 16th worker back on minerals before rallying to finish 3/3 on both gases
  • Send probe out after 2nd gateway - go directly to proxy location and place 2nd pylon there
    • Proximity to their base is great - but it has to be far enough away that they can’t de-power it
  • If you see a probe enter your base, throw down a 3rd pylon just seconds after your proxy goes down (making it look like a normal that just skipped a scout)
  • @100% core - proxy robo immediately
    • You won’t have enough money to que up both gateway units so que up zealots to fake normal production (cheapest unit) and cancel and replace with stalkers quickly when you have the cash
    • Same thing with warpgate (it takes priority OVER those stalkers) - though I may change this priority when I get more experience.
  • 1 chrono on probes @gateway complete, one chrono on warpgate - rest saved for robotics production
  • Make 3 stalkers and rally them across directly on the push path to pressure, intercept adepts and defend your robo to protect it from being depowered
  • @robo - chrono immortal then chrono warp prism
  • 3rd gate + extra pylon at your proxy
  • Rally in immediately with the first immortal - making sure it doesn’t get surrounded or killed before the prism is ready to save it.
  • Warp in stalkers, adepts and zealots and go for the kill.
  • If they pull up their ramp use your warp prism to spot the high ground and save any units that get trapped.
    • Snipe their 2 gates
  • You can try to force your way up the ramp, contain them here or expand yourself and go straight into 1 SG
    • Oracles for killing economy if they retake their expansion and are macroing
    • Voidrays to counter 1-base collossus
    • Phoenix to counter 1-base Disruptors

VOD

https://www.youtube.com/watch?v=YxqXx560flY

Replay - Proxy Robo PvP

Build Order

Get SALT Encoding   

  12  0:02  Probe  
  13  0:14  Probe  
  13  0:18  Pylon  
  14  0:26  Probe  
  15  0:36  Gateway  
  15  0:38  Probe (Chrono Boost)  
  16  0:44  Assimilator  
  16  0:48  Probe (Chrono Boost)  
  17  0:54  Probe  
  18  0:57  Assimilator  
  18  1:06  Probe  
  19  1:14  Gateway  
  19  1:18  Probe  
  19  1:23  Cybernetics Core  
  20  1:30  Probe  
  21  1:41  Pylon  
  21  1:49  Probe  
  22  1:57  Pylon  
  22  1:59  Robotics Facility  
  24  2:09  Warp Gate (Chrono Boost)  
  24  2:10  Stalker  
  25  2:20  Stalker  
  28  2:40  Stalker  
  30  2:45  Immortal (Chrono Boost)  
  34  3:01  Gateway  
  34  3:17  Warp Prism (Chrono Boost)  
  34  3:21  Pylon  
  36  3:46  Shield Battery  
  36  3:57  Stalker x3  
  43  4:22  Pylon  
  44  4:24  Stargate  
  44  4:28  Zealot  
  46  4:44  Sentry  
  49  4:52  Stalker  
  50  5:22  Void Ray (Chrono Boost)  
  55  5:31  Nexus  
  55  5:54  Immortal (Chrono Boost)  
  59  5:58  Void Ray  
  63  6:30  Fleet Beacon  
  65  6:53  Assimilator  
  66  6:59  Assimilator  
  67  7:14  Stalker x3  
  71  7:36  Tempest (Chrono Boost)  
  78  8:09  Tempest (Chrono Boost)  
  78  8:12  Observer (Chrono Boost)  
  86  8:25  Observer (Chrono Boost)  
  86  8:26  Stargate  
  87  8:32  Observer  
  87  8:35  Protoss Air Weapons Level 1 (Chrono Boost)  
  87  8:38  Sentry  
  87  8:40  Zealot x2  
  93  9:05  Zealot x2  
  93  9:21  Observer  
  93  9:27  Observer  
  93  9:31  Carrier x2 (Chrono Boost)  
Spawning Tool Build Advisor. Get it on Overwolf

Go to:

Details

  • Created by: PiG      
  • Published on: Dec 06, 2019
  • Modified on: Dec 09, 2019
  • Patch: 4.11.0
Show
View Real Time Build Order
Export as new Build Order

Comments (0)

There are no comments. Be the first!

Create an account to comment!